 Dungeon Crawl Stone Soup version 0.26-a0-639-g72c4674329 (webtiles) character file.

Game seed: 7158886190235833288

4 Lanoc the Sneak (level 1, 0/14 HPs)
             Began as a Gargoyle Delver on Sept 19, 2020.
             Was an Initiate of Ashenzari.
             Slain by a worker ant (5 damage)
             ... on level 5 of the Dungeon.
             The game lasted 00:01:00 (352 turns).

Lanoc the Sneak (Gargoyle Delver)                    Turns: 352, Time: 00:01:01

Health: 0/14       AC:  5    Str: 15    XL:     1   Next: 60%
Magic:  1/1        EV: 11    Int: 10    God:    Ashenzari [......]
Gold:   0          SH:  0    Dex: 11    Spells: 0/0 levels left

rFire    . . .     SeeInvis .   a - +0 mace
rCold    . . .     Faith    .   (no shield)
rNeg     + . .     Spirit   .   b - +0 leather armour
rPois    ∞         Reflect  .   (no helmet)
rElec    +         Harm     .   (no cloak)
rCorr    .         Rampage  .   (no gloves)
MR       .....                  (no boots)
Stlth    +++.......             (no amulet)
HPRegen  0.04/turn              (no ring)
MPRegen  0.07/turn              (no ring)

@: no status effects
A: negative energy resistance 1, electricity resistance, unbreathing,
petrification resistance, rot immunity, AC +2
a: Curse Item, Renounce Religion


You were on level 5 of the Dungeon.
You worshipped Ashenzari.
Ashenzari was noncommittal.
You visited 2 branches of the dungeon, and saw 2 of its levels.

Inventory:

Hand Weapons
 a - a +0 mace (weapon)
Armour
 b - a +0 leather armour (worn)
Wands
 g - a wand of digging (3)
Scrolls
 c - a scroll of fog
 d - a scroll of magic mapping
 e - a scroll of fear
 h - a scroll of identify {unknown}
Potions
 f - a potion of haste


   Skills:
 + Level 3.4 Fighting
 - Level 2.0 Maces & Flails
 + Level 1.7 Dodging
 - Level 5.4 Stealth


You couldn't memorise any spells.
You didn't know any spells.
Your spell library was empty.

Dungeon Overview and Level Annotations

Branches:
Dungeon (5/15)             Temple (1/1) D:5

Altars:
Ashenzari
Cheibriados
Hepliaklqana
Kikubaaqudgha
Nemelex Xobeh
Okawaru
Qazlal
Ru
Sif Muna
Uskayaw
Yredelemnul
Zin
The Shining One


Innate Abilities, Weirdness & Mutations

You are resistant to torment.
Your stone body is resilient. (AC +2)
You are immune to poison.
You resist negative energy. (rN+)
You are resistant to electric shocks. (rElec)
You can survive without breathing.
You are immune to petrification.
You are immune to rotting.


Message History

Ashenzari welcomes you!
You can now curse your items.
There is an open door here.
You open the door.
There is an open door here.
There is a staircase back to the Dungeon here.
There is a staircase back to the Dungeon here.
You climb upwards.
The worker ant bites you. The worker ant barely misses you.
There is a staircase to the Ecumenical Temple here.
You hit the worker ant.
The worker ant is moderately wounded.
The worker ant completely misses you.
You closely miss the worker ant.
The worker ant is moderately wounded.
The worker ant bites you. The worker ant barely misses you.
You are too injured to fight recklessly!
You hit the worker ant.
The worker ant is heavily wounded.
The worker ant bites you.
You die...

.. .....# #.##
#....## #..#
#.....#.#
#..###.....#.#
#..........#.#
#..##...##.#.#
##.##...##.#.#####
#.....a..........
#....@......#
#...........#
#.##...##.#.#######
#.##...##.#>.......
#.........#########
###.#.#..##
#.........
##########


You could see a worker ant.

Vanquished Creatures
  An adder zombie (D:5)
1 creature vanquished.

Vanquished Creatures (others)
  A giant cockroach (D:5)
1 creature vanquished.

Grand Total: 2 creatures vanquished

Notes
Turn   | Place    | Note
-------+----------+-------------------------------------------
     0 | D:5      | Lanoc the Gargoyle Delver began the quest for the Orb.
     0 | D:5      | Reached XP level 1. HP: 14/14 MP: 1/1
     0 | D:5      | Found a staircase to the Ecumenical Temple.
    27 | D:5      | Noticed a worker ant
    31 | Temple   | Entered the Ecumenical Temple
   332 | Temple   | Became a worshipper of Ashenzari the Shackled
   352 | D:5      | Slain by a worker ant

Illustrated notes

Levels and vault maps discovered:
D:5:      layout_basic, xom_confusion_cloud, minmay_temple_entry_stoned_glass,
          serial_shops, shop, okawaru_metal_pillars_3, uniq_grinder
Temple:   nicolae_temple_figure_eight

Action                   || total
-------------------------++-------
Melee: Mace              ||     8
 Stab: Sleeping          ||     1
Armor: Leather armour    ||     1
Dodge: Dodged            ||     6

Table legend: (Time is in decaauts)
 A = Elapsed time spent in this place.
 B = Non-inter-level travel time spent in this place.
 C = Inter-level travel time spent in this place.
 D = Time resting spent in this place.
 E = Time spent auto-exploring this place.
 F = Levels seen in this place.
 G = Mean time per level.
                   A        B        C        D        E       F      G
               +--------+--------+--------+--------+--------+-----+--------+
         Total |    354 |    354 |      0 |      0 |    251 |   2 |  177.0 |
       Dungeon |     36 |     36 |      0 |      0 |      1 |   1 |   36.0 |
        Temple |    317 |    317 |      0 |      0 |    250 |   1 |  317.0 |
               +--------+--------+--------+--------+--------+-----+--------+

Top non-repeatable levels by time:
  Temple: 317 daAuts
     D:5: 36 daAuts
